 Dungeon Crawl Stone Soup version 0.30-a0-553-g7fabdf1491 (webtiles) character file.

Game seed: 8828603954869145099

373507 PyroL the Cryomancer (level 21, -1/147 HPs)
             Began as a Black Draconian Ice Elementalist on Dec 27, 2022.
             Was the Champion of Vehumet.
             Killed themself with a bounced orb of electricity (12 damage)
             ... on level 1 of the Depths.
             The game lasted 03:13:03 (59764 turns).

PyroL the Cryomancer (DrIE)                        Turns: 59764, Time: 03:13:04

Health: -1/147     AC: 28    Str:  7    XL:     21   Next: 74%
Magic:  0/38       EV: 11    Int: 35    God:    Vehumet [******]
Gold:   3207       SH: 17    Dex:  5    Spells: 4/46 levels left

rFire   + . .      SeeInvis .    y - +8 arc blade {discharge, rElec}
rCold   + + +      Faith    .    o - +1 kite shield of Orthodoxy {rC+++ Str-5 Int+6}
rNeg    . . .      Spirit   +    (body armour unavailable)
rPois   +          Reflect  .    S - +0 hat
rElec   +          Harm     .    F - +1 cloak "Hiyn" {rPois Will++ rCorr Dex-5}
rCorr   +          Rampage  .    c - +0 pair of gloves
Will    +++++                    C - +0 pair of boots of Reason {Will+ Regen+}
Stlth   +                        I - brooch of Shielding {Spirit SH+8}
HPRegen 1.24/turn                E - +6 ring of intelligence
MPRegen 0.26/turn                s - ring of Myajet {rPois rF+ Will+ rCorr}

@: ice-armoured, flying, very slightly contaminated
A: breathe lightning, AC +11, unfitting armour, big wings, electricity
resistance, cold-blooded, clumsy 1, dopey 1, frail 2
}: 2/15 runes: decaying, serpentine
a: Breathe Lightning, Renounce Religion


You were on level 1 of the Depths.
You worshipped Vehumet.
Vehumet was exalted by your worship.
You visited 9 branches of the dungeon, and saw 38 of its levels.
You visited 1 bazaar.
You also visited: Sewer and Gauntlet.

You collected 3706 gold pieces.
You spent 499 gold pieces at shops.

Inventory:

Hand Weapons
 y - the +8 arc blade (weapon) {discharge, rElec}
   (You found it in a Gauntlet)

   It occasionally unleashes powerful arcs of lightning upon striking a foe.
   These may arc to other adjacent creatures (including the wielder, but dealing
   reduced damage to them) before grounding out.
   rElec:     It insulates you from electricity.
 N - a +7 trident of flaming
Missiles
 i - 91 poisoned darts
 k - 4 silver javelins
 J - 2 throwing nets
 L - 10 curare-tipped darts
 O - 3 atropa-tipped darts
 P - 8 datura-tipped darts
Armour
 c - a +0 pair of gloves (worn)
 o - the +1 kite shield of Orthodoxy (worn) {rC+++ Str-5 Int+6}
   (You acquired it on level 15 of the Dungeon)

   Str:       It affects your strength (-5).
   Int:       It affects your intelligence (+6).
   rC:        It renders you almost immune to cold.
 C - the +0 pair of boots of Reason (worn) {Will+ Regen+}
   (You acquired it on level 1 of the Lair of Beasts)

   Regen:     It increases your rate of health regeneration.
   Will:      It increases your willpower.
 F - the +1 cloak "Hiyn" (worn) {rPois Will++ rCorr Dex-5}
   (You found it in a Gauntlet)

   Dex:       It affects your dexterity (-5).
   rPois:     It protects you from poison.
   rCorr:     It protects you from acid and corrosion.
   Will:      It greatly increases your willpower.
 S - a +0 hat (worn)
Jewellery
 s - the ring of Myajet (right hand) {rPois rF+ Will+ rCorr}
   (You found it on level 2 of the Dungeon)

   [ring of resist corrosion]

   rF:        It protects you from fire.
   rPois:     It protects you from poison.
   rCorr:     It protects you from acid and corrosion.
   Will:      It increases your willpower.
 E - a +6 ring of intelligence (left hand)
 I - the brooch of Shielding (around neck) {Spirit SH+8}
   (You acquired it on level 3 of the Vaults)

   [amulet of guardian spirit]

   It causes incoming damage to be divided between your reserves of health and
   magic.
   SH:        It affects your SH (+8).
Wands
 w - a wand of paralysis (23)
 x - a wand of digging (19)
 D - a wand of mindburst (48)
 K - a wand of polymorph (23)
 W - a wand of flame (77)
 Y - a wand of roots (44)
 Z - a wand of quicksilver (17)
Scrolls
 b - 7 scrolls of immolation
 f - 9 scrolls of fog
 h - 4 scrolls of poison
 n - 3 scrolls of magic mapping
 r - 12 scrolls of teleportation
 t - 8 scrolls of enchant armour
 v - 9 scrolls of amnesia
 z - 6 scrolls of enchant weapon
 A - 8 scrolls of vulnerability
 B - 3 scrolls of blinking
 M - 3 scrolls of silence
 T - 10 scrolls of fear
 U - a scroll of butterflies
Potions
 a - 3 potions of magic
 d - 10 potions of might
 e - 19 potions of curing
 g - a potion of attraction
 j - 11 potions of lignification
 l - 3 potions of resistance
 m - 5 potions of mutation
 p - 4 potions of brilliance
 u - 4 potions of heal wounds
 G - 6 potions of ambrosia
 H - 7 potions of cancellation
 Q - 6 potions of haste
 V - 4 potions of invisibility
Miscellaneous
 q - a phial of floods
 R - a tin of tremorstones (2/2)
 X - a phantom mirror


   Skills:
 - Level 15.0 Fighting
 - Level 10.2 Short Blades
 - Level 5.5 Polearms
 - Level 5.0 Throwing
 - Level 10.0 Dodging
 - Level 1.7 Stealth
 - Level 7.0 Shields
 - Level 13.0 Spellcasting
 - Level 15.1 Conjurations
 - Level 4.0 Summonings
 - Level 7.4 Transmutations
 - Level 23.0 Ice Magic
 - Level 7.6 Air Magic
 + Level 6.0 Evocations


You had 4 spell levels left.
You knew the following spells:

 Your Spells              Type           Power      Damage    Failure   Level
a - Freeze                Ice            100%       1d10      0%          1
b - Ozocubu's Armour      Ice            100%       N/A       0%          3
c - Frozen Ramparts       Ice            100%       1d16      0%          3
d - Hailstorm             Conj/Ice       100%       3d20      0%          3
e - Summon Ice Beast      Ice/Summ       87%        N/A       1%          4
f - Iskenderun's Mystic   Conj/Tloc      66%        2d14      1%          4
g - Irradiate             Conj/Tmut      40%        3d25      1%          5
h - Arcjolt               Conj/Air       40%        1d50      1%          5
i - Freezing Cloud        Conj/Ice/Air   46%        6-21      1%          5
j - Polar Vortex          Ice            55%        N/A       11%         9

Your spell library contained the following spells:

 Spells                   Type           Power      Damage    Failure   Level
 Maxwell's Capacitive Co  Air            33%        ∞         96%         8
 Fire Storm               Conj/Fire      33%        8d8       100%        9
 Poisonous Vapours        Pois/Air       98%        N/A       1%          2
 Scorch                   Fire           44%        2d7       1%          2
 Wereblood                Tmut           66%        N/A       1%          2
 Dazzling Flash           Conj/Hex       100%       N/A       1%          3
 Mephitic Cloud           Conj/Pois/Air  66%        N/A       1%          3
 Flame Wave               Conj/Fire      66%        2d15      1%          4
 Ice Form                 Ice/Tmut       92%        N/A       1%          4
 Cigotuvi's Dreadful Rot  Necr/Pois/Air  80%        N/A       2%          2
 Call Canine Familiar     Summ           50%        N/A       2%          3
 Summon Guardian Golem    Hex/Summ       36%        N/A       6%          3
 Sublimation of Blood     Necr           22%        N/A       7%          2
 Portal Projectile        Hex/Tloc       44%        N/A       14%         3
 Leda's Liquefaction      Hex/Erth       11%        N/A       43%         4
 Passage of Golubria      Tloc           22%        N/A       43%         4
 Iskenderun's Battlesphe  Conj           91%        2d14      1%          5
 Orb of Destruction       Conj           45%        9d12      2%          7
 Simulacrum               Ice/Necr       40%        N/A       6%          6
 Iron Shot                Conj/Erth      33%        9d7       9%          6
 Spellforged Servitor     Conj/Summ      37%        N/A       21%         7
 Silence                  Hex/Air        24%        N/A       28%         5
 Agony                    Necr           22%        N/A       78%         5
 Summon Cactus Giant      Summ           25%        N/A       80%         6
 Lehudib's Crystal Spear  Conj/Erth      33%        10d8      96%         8
 Summon Hydra             Summ           25%        N/A       100%        7


Dungeon Overview and Level Annotations

Branches:
Dungeon (15/15)            Temple (1/1) D:7            Lair (5/5) D:10
  Swamp (4/4) Lair:2        Snake (4/4) Lair:3        Slime (0/5) Lair:4
    Orc (2/2) D:11            Elf (2/3) Orc:2        Vaults (4/5) D:14
  Crypt (0/3) Vaults:3     Depths (1/4) D:15          Sewer (visited)
Gauntlet (visited)

Altars:
Ashenzari
Cheibriados
Dithmenos
Elyvilon
Gozag
Kikubaaqudgha
Nemelex Xobeh
Ru
Trog
Uskayaw
Vehumet
Wu Jian
Xom
Yredelemnul
Zin
The Shining One
Lugonu

Shops:
D:7 *   D:9 =   D:11 *   D:14 [!*!   Orc:1 [   Orc:2 [[*!   Snake:2 *
Vaults:1 =

Portals:
Abyss: Lair:5

Annotations:
D:12 3 runed translucent doors, exclusion: obsidian statue, Iich's ghost, journeyman MiFi
Snake:4 3 runed translucent doors, lotum's ghost, adept TrGl
Elf:2 1 exclusion
Vaults:4 exclusion: 4 downstairs


Innate Abilities, Weirdness & Mutations

You can breathe wild blasts of lightning.
Your glossy black scales are hard. (AC +11)
You cannot fit into any form of body armour.
Your large and strong wings let you fly.
You are resistant to electric shocks. (rElec)
You are cold-blooded and may be slowed by cold attacks.
You are clumsy. (Dex -2)
You are dopey. (Int -2)
You are very frail. (-20% HP)


Message History

The ice dragon is severely wounded.
You puncture the ice dragon!
Your tail-slap misses the ice dragon.
The ice dragon is severely wounded.
You block the ice dragon's attack.
The ice dragon claws you but does no damage.
You block the ice dragon's attack.
You barely miss the ice dragon.
The ice dragon is severely wounded.
You block the ice dragon's attack. The ice dragon claws you!
* * * LOW HITPOINT WARNING * * *
The ice dragon tramples you but does no damage.
You hit the ice dragon but do no damage.
The ice dragon is severely wounded.
You block the ice dragon's attack. x3
You barely miss the ice dragon.
You tail-slap the ice dragon, but do no damage.
The ice dragon is severely wounded.
The ice dragon breathes frost at you. The blast of cold misses you.
You hit the ice dragon but do no damage.
The ice dragon is severely wounded.
You hit the ice dragon.
You tail-slap the ice dragon, but do no damage.
The ice dragon is severely wounded.
You block the ice dragon's attack.
The ice dragon claws you but does no damage.
The ice dragon tramples you but does no damage.
Casting: Arcjolt (mildly dangerous; 1% risk of failure)
Confirm with . or Enter, or press ? or * to list all spells.
Okay, then.
Activating: Breathe Lightning (1% risk of failure)
Press: ? - help, Dir - look around, f - activate You breathe a wild blast of lightning!
The orb of electricity explodes!
The orb of electricity engulfs you! You resist.
* * * LOW HITPOINT WARNING * * *
The orb of electricity engulfs the ice dragon but does no damage.
The ice dragon is severely wounded.
The orb of electricity explodes!
The orb of electricity engulfs you! You resist.
You die...

#.####.......#~~#.#
#....'.......#~~#.#
#.####.......#~~#.#
#.......#~~#.#
#.......#~~#.#
##'####.#~~#.# #.#
#)#~~#.## #.#
#)#~~#.'. #.#
#@#E~#.## #.#
#D#~~#.# #.#
#.#~~#.# #.#
#Q#~~#.# #.#
#*#~~#.# #.####.##
#<####..? #.####...
#.####...


You could see an ice dragon, a water elemental, a tengu conjurer and a
battlesphere (distracted).

Vanquished Creatures
  Mara (Swamp:4)
  the Enchantress (Depths:1)
  Nikola (Vaults:3)
  Jorgrun (Swamp:3)
  2 tentacled monstrosities (Swamp:4)
  Zenata (Vaults:3)
  A deep elf blademaster (Elf:2)
  The ghost of Lyhiamabb the Bludgeoner, an adept OgBe of Trog (Snake:3)
  2 sphinxes
  2 thorn hunters
  Frances (Swamp:2)
  A nagaraja (Snake:4)
  A tengu reaver (Vaults:4)
  3 fenstrider witches (Swamp:4)
  2 frost giants (Depths:1)
  13 vault wardens
  2 angels (Vaults:1)
  2 orc warlords
  3 war gargoyles
  12 ironbound preservers
  5 very ugly things
  3 spriggan defenders (Depths:1)
  A reaper (Swamp:4)
  10 ironbound thunderhulks
  5 eleionomae
  Azrael (Elf:2)
  A minotaur (Gauntlet)
  23 dire elephants
  3 bunyips
  An ettin (Vaults:4)
  A blizzard demon (Swamp:4)
  A deep elf death mage (Elf:2)
  2 shambling mangroves
  2 crystal guardians (Vaults:4)
  A fire dragon (Depths:1)
  4 ice dragons (Depths:1)
  A salamander tyrant (Snake:4)
  5 great orbs of eyes
  7 yaktaur captains
  2 entropy weavers
  2 ogre magi (Swamp:4)
  A catoblepas (D:14)
  14 vault guards
  8 hydras
  9 ironbound frosthearts
  12 centaur warriors
  3 peacekeepers
  2 spriggan air magi (Depths:1)
  A ghost crab (Swamp:4)
  6 alligators
  13 dancing weapons
  A two-headed ogre (D:14)
  A deep troll earth mage (Vaults:1)
  17 anacondas
  3 tengu warriors
  15 naga warriors
  A two-headed ogre (shapeshifter) (D:13)
  6 boulder beetles
  3 thrashing horrors (Lair:5)
  3 orc high priests
  13 naga sharpshooters
  2 vampire magi
  8 shock serpents
  A soul eater (Swamp:4)
  Nergalle (Orc:1)
  5 deep elf knights
  3 skeletal warriors
  5 goliath frogs
  7 salamander mystics (Snake:4)
  A sixfirhy (Swamp:4)
  A storm dragon skeleton (Vaults:3)
  3 spriggan druids
  3 glowing orange brains
  A death drake (Swamp:4)
  39 deep trolls
  A bog body (Swamp:1)
  11 lindwurms
  5 naga ritualists
  5 swamp dragons
  2 spriggan simulacra (D:15)
  4 deep elf archers
  A wolf spider zombie (D:15)
  11 ironbound convokers
  12 wizards
  5 phantasmal warriors
  2 necromancers
  20 deep elf pyromancers
  16 deep elf zephyrmancers
  A harpy (shapeshifter) (Swamp:4)
  12 orc sorcerers
  3 orc knights
  A frost giant zombie (Vaults:3)
  20 ugly things
  2 will-o-the-wisps
  An oklob plant (Gauntlet)
  2 tengu skeletons (Vaults:3)
  14 mana vipers
  11 salamanders
  2 sphinx skeletons (Vaults:3)
  9 cyclopes
  A fire giant zombie (Vaults:3)
  A centaur zombie (D:15)
  Joseph (D:9)
  37 black mambas
  Maurice (D:8)
  18 naga magi
  A centaur skeleton (D:15)
  15 vault sentinels
  5 elephants (Lair:2)
  7 guardian serpents (Snake:4)
  An eye of devastation (shapeshifter) (Lair:5)
  2 gargoyles
  2 orange demons (Swamp:4)
  6 cane toads
  The ghost of themarg the Conjurer, a novice DrCj (D:5)
  2 efreet
  3 rime drakes
  6 komodo dragons
  2 kobold demonologists
  An unseen horror zombie (D:10)
  An elf skeleton (Vaults:3)
  A komodo dragon (shapeshifter) (Elf:1)
  A minotaur zombie (Gauntlet)
  36 yaktaurs
  A hellwing (Swamp:4)
  2 ancient zymes (Lair:5)
  4 trolls
  2 yaktaur skeletons (Vaults:3)
  A hornet (shapeshifter) (Lair:5)
  12 tyrant leeches
  16 slime creatures
  Grinder (D:5)
  A tarantella (shapeshifter) (Lair:5)
  10 hornets
  A harpy skeleton (D:15)
  16 blink frogs
  Prince Ribbit (D:9)
  6 dream sheep (Lair:3)
  A meliai zombie (D:10)
  2 large abominations (Lair:5)
  A raiju (Gauntlet)
  A culicivora (Vaults:3)
  5 shadows
  An ettin skeleton (Vaults:3)
  A wraith (D:11)
  2 air elementals
  11 spriggans
  A vampire (D:10)
  8 water elementals
  4 wyverns
  A ynoxinul (Lair:5)
  An elf simulacrum (Vaults:3)
  10 basilisks
  4 fire elementals (Elf:2)
  A basilisk (shapeshifter) (D:13)
  23 yaks
  3 chaos spawn
  2 neqoxecs (Swamp:4)
  A steam dragon (D:7)
  A redback (Vaults:3)
  3 minotaur simulacra (D:15)
  Menkaure (D:7)
  9 vampire mosquitoes
  5 wargs
  12 swamp worms
  4 acid dragons
  30 nagas
  9 water moccasins
  A floating eye (shapeshifter) (Lair:5)
  9 small abominations (Lair:5)
  3 glowing shapeshifter skeletons (Vaults:3)
  3 hell hounds (Elf:2)
  3 swamp drakes
  2 ice beasts
  30 orc warriors
  An alligator simulacrum (D:15)
  2 sky beasts
  A black bear (Lair:1)
  22 wolves
  8 boggarts (Vaults:3)
  14 centaurs
  6 human skeletons (Vaults:3)
  5 ogres
  5 kobold brigands
  4 phantoms
  3 earth elementals
  A necrophage (D:5)
  13 bullfrogs
  3 gnoll sergeants
  A deep troll simulacrum (D:15)
  2 scorpions (D:5)
  10 wights
  21 killer bees
  A lindwurm simulacrum (D:15)
  11 howler monkeys
  7 electric eels
  2 hounds
  3 jellies
  30 orc priests
  2 gnoll boudas
  6 iguanas
  Terence (D:2)
  A hell rat (Sewer)
  35 orc wizards
  A lightning spire (Gauntlet)
  30 gnolls
  7 adders
  2 shadow imps
  3 white imps
  An ufetubus (Vaults:2)
  4 worms
  2 dart slugs
  69 orcs
  5 endoplasms
  4 giant cockroaches
  18 goblins
  7 hobgoblins
  8 jackals
  34 kobolds
  4 quokkas
  8 ball pythons (D:2)
  4 bats
  3 frilled lizards
  6 rats
1395 creatures vanquished.

Vanquished Creatures (collateral kills)
  A yaktaur captain (Vaults:1)
  2 hydras (Lair:2)
  A boulder beetle (D:15)
  A lindwurm (Vaults:1)
  2 ugly things (Lair:5)
  A cane toad (Lair:5)
  4 blink frogs (Lair:5)
  A kobold brigand (D:11)
  6 small abominations (Lair:5)
  An electric eel (Lair:3)
  An orc priest (D:9)
  An iguana (Lair:2)
  A kobold (D:11)
23 creatures vanquished.

Vanquished Creatures (others)
  2 bloated husks (Swamp:3)
  A spriggan (Swamp:4)
  An air elemental (Elf:2)
  A swamp drake (Swamp:3)
  A bush (Lair:5)
  8 foxfires
  40 fungi
  79 plants
  6 withered plants
139 creatures vanquished.

Grand Total: 1557 creatures vanquished

Notes
Turn   | Place    | Note
-------+----------+-------------------------------------------
     0 | D:1      | PyroL the Draconian Ice Elementalist began the quest for
                  | the Orb.
     0 | D:1      | Reached XP level 1. HP: 14/14 MP: 3/3
   232 | D:1      | Reached XP level 2. HP: 8/20 MP: 1/5
   721 | D:2      | Reached XP level 3. HP: 26/26 MP: 7/7
   726 | D:2      | Learned a level 3 spell: Ozocubu's Armour
   730 | D:2      | Learned a level 3 spell: Frozen Ramparts
   831 | D:2      | Noticed Terence
   843 | D:2      | Killed Terence
   844 | D:2      | Reached XP level 4. HP: 33/33 MP: 7/8
  1056 | D:2      | Reached skill level 5 in Ice Magic
  1333 | D:2      | Identified the ring of Myajet {rPois rF+ Will+ rCorr}
  1507 | D:2      | Found a faded altar of an unknown god.
  1613 | D:2      | Reached XP level 5. HP: 38/38 MP: 10/10
  2914 | D:4      | Reached skill level 1 in Fighting
  3239 | D:5      | Entered Level 5 of the Dungeon
  3244 | D:5      | Noticed an ogre
  3297 | D:5      | Reached XP level 6. HP: 46/47 MP: 12/12
  3377 | D:5      | Noticed a yak
  3378 | D:5      | Noticed a yak
  3382 | D:5      | Noticed a yak
  3382 | D:5      | Noticed a yak
  3384 | D:5      | Noticed a yak
  3520 | D:4      | Learned a level 3 spell: Hailstorm
  3587 | D:5      | Noticed an ice beast
  3763 | D:5      | Your scales start taking on a glossy black colour.
  3763 | D:5      | Reached XP level 7. HP: 57/57 MP: 13/13
  3763 | D:5      | Gained mutation: You are resistant to electric shocks.
                  | (rElec) [Black Draconian growth]
  3819 | D:5      | Noticed Grinder
  3843 | D:5      | Paralysed by Grinder for 3 turns
  3862 | D:5      | Paralysed by Grinder for 4 turns
  3868 | D:5      | Paralysed by Grinder for 2 turns
  3871 | D:5      | Killed Grinder
  4046 | D:5      | Reached skill level 5 in Fighting
  4092 | D:5      | Reached XP level 8. HP: 48/69 MP: 0/14
  4102 | D:5      | Reached skill level 5 in Dodging
  4515 | D:5      | Found a shimmering altar of Xom.
  4521 | D:5      | Found a shimmering altar of Xom.
  4527 | D:5      | Found a shimmering altar of Xom.
  4540 | D:5      | Found a shimmering altar of Xom.
  4540 | D:5      | Found a shimmering altar of Xom.
  5026 | D:5      | Found a shimmering altar of Xom.
  5087 | D:5      | Found a transporter.
  5090 | D:5      | Noticed themarg's ghost (novice DrCj)
  5091 | D:5      | Found a transporter.
  5278 | D:6      | Reached XP level 9. HP: 81/81 MP: 13/15
  5414 | D:6      | Found a glowing drain.
  5418 | Sewer    | Entered a sewer
  5680 | D:6      | Reached skill level 6 in Ice Magic
  6203 | D:6      | Reached skill level 1 in Summonings
  6440 | D:6      | Reached skill level 7 in Ice Magic
  7263 | D:7      | Noticed Menkaure
  7545 | D:7      | Found Disush's Assorted Antiques.
  7566 | D:7      | Reached skill level 8 in Ice Magic
  8096 | D:7      | Identified the +5 shortbow of the Eight Brambles
                  | {antimagic, Will++ Str-4 SInv}
  8168 | D:7      | Found a staircase to the Ecumenical Temple.
  8177 | Temple   | Entered the Ecumenical Temple
  8187 | Temple   | Became a worshipper of Vehumet
  8590 | D:8      | Reached skill level 9 in Ice Magic
  8698 | D:8      | Learned a level 4 spell: Summon Ice Beast
  8727 | D:8      | Reached XP level 10. HP: 84/88 MP: 16/16
  8797 | D:8      | Noticed Maurice
  8808 | D:8      | Killed Maurice
  9354 | D:8      | Reached * piety under Vehumet
  9354 | D:8      | Offered knowledge of Magic Dart by Vehumet.
  9365 | D:8      | Reached skill level 10 in Ice Magic
  9749 | D:8      | Reached skill level 1 in Throwing
  9832 | D:9      | Found a hide-covered altar of Uskayaw.
  9832 | D:9      | Noticed a +0 short sword
  9832 | D:9      | Noticed a +0 dagger
  9832 | D:9      | Noticed a +0 spear
  9833 | D:9      | Noticed a +0 spear
  9833 | D:9      | Noticed a +0 falchion
  9834 | D:9      | Noticed a +0 falchion
  9834 | D:9      | Noticed a +0 short sword
  9834 | D:9      | Noticed a +0 dagger
 10087 | D:9      | Found Gabroipi's Jewellery Shoppe.
 10453 | D:9      | Reached skill level 5 in Spellcasting
 10768 | D:9      | Noticed Prince Ribbit
 10791 | D:9      | Noticed Joseph
 10793 | D:9      | Offered knowledge of Searing Ray by Vehumet.
 10800 | D:9      | Reached ** piety under Vehumet
 10807 | D:9      | Killed Joseph
 10811 | D:9      | Killed Prince Ribbit
 11204 | D:10     | Entered Level 10 of the Dungeon
 12009 | D:10     | Found a broken altar of Ashenzari.
 12054 | D:10     | Reached XP level 11. HP: 94/97 MP: 12/21
 12285 | D:10     | Offered knowledge of Inner Flame by Vehumet.
 12383 | D:10     | Found a sacrificial altar of Ru.
 12391 | D:10     | Found a bloodstained altar of Trog.
 12395 | D:10     | Found an ornate altar of the Wu Jian Council.
 12402 | D:10     | Found a basalt altar of Yredelemnul.
 12408 | D:10     | Found a snail-covered altar of Cheibriados.
 12416 | D:10     | Found a white marble altar of Elyvilon.
 12421 | D:10     | Found a glowing silver altar of Zin.
 12539 | D:10     | Found a staircase to the Lair.
 12821 | D:11     | Reached skill level 10 in Fighting
 12821 | D:11     | Reached skill level 1 in Air Magic
 13102 | D:11     | Noticed a brown ugly thing
 13115 | D:11     | Killed a brown ugly thing
 13341 | D:11     | Reached *** piety under Vehumet
 13553 | D:11     | Noticed a six-headed hydra
 13562 | D:11     | Killed a six-headed hydra
 13563 | D:11     | Reached skill level 5 in Air Magic
 13797 | D:11     | Found Gozag's Platinum Reserve.
 13805 | D:11     | Found an opulent altar of Gozag.
 13965 | D:11     | Found a staircase to the Orcish Mines.
 13999 | D:11     | Offered knowledge of Iskenderun's Mystic Blast by Vehumet.
 14005 | D:11     | Learned a level 4 spell: Iskenderun's Mystic Blast
 14238 | D:12     | Found a runed translucent gate.
 14238 | D:12     | Found a runed translucent gate.
 14238 | D:12     | Found a runed translucent gate.
 14238 | D:12     | Found an opulent altar of Gozag.
 14238 | D:12     | Noticed a cyan ugly thing
 14238 | D:12     | Noticed an obsidian statue
 14240 | D:12     | Noticed Iich's ghost (journeyman MiFi)
 14366 | D:5      | Killed themarg's ghost
 14549 | D:7      | Killed Menkaure
 14816 | Lair:1   | Entered Level 1 of the Lair of Beasts
 14939 | Lair:1   | Reached skill level 1 in Evocations
 15245 | Lair:1   | Identified a scroll of acquirement
 15245 | Lair:1   | Acquired the +0 pair of boots of Reason {Will+ Regen+}
 15493 | Lair:2   | Reached **** piety under Vehumet
 15612 | Lair:2   | Reached skill level 5 in Evocations
 15612 | Lair:2   | Offered knowledge of Lee's Rapid Deconstruction by Vehumet.
 15613 | Lair:2   | Reached XP level 12. HP: 102/106 MP: 14/24
 15637 | Lair:2   | Reached skill level 11 in Ice Magic
 16379 | Lair:2   | Noticed an eight-headed hydra
 16381 | Lair:2   | Noticed a four-headed hydra
 16387 | Lair:2   | Killed an eight-headed hydra
 16398 | Lair:2   | Killed a four-headed hydra
 16476 | Lair:2   | Found a staircase to the Swamp.
 16739 | Lair:2   | Identified the +5 ring mail of the Doldrums {rF+ Str+2}
 16835 | Lair:3   | Reached skill level 12 in Ice Magic
 17009 | Lair:3   | Found a staircase to the Snake Pit.
 17050 | Lair:3   | Reached skill level 5 in Throwing
 17148 | Lair:3   | Noticed a six-headed hydra
 17157 | Lair:3   | Killed a six-headed hydra
 17224 | Lair:3   | Reached ***** piety under Vehumet
 17367 | Lair:3   | Offered knowledge of Irradiate by Vehumet.
 17374 | Lair:3   | Learned a level 5 spell: Irradiate
 17437 | Lair:3   | Reached skill level 1 in Conjurations
 17438 | Lair:3   | Reached skill level 1 in Transmutations
 17494 | Lair:3   | Noticed a boulder beetle
 17514 | Lair:3   | Killed a boulder beetle
 18212 | Lair:3   | Reached XP level 13. HP: 89/113 MP: 15/25
 18521 | Lair:4   | Found a staircase to the Slime Pits.
 18570 | Lair:4   | Reached skill level 5 in Conjurations
 18943 | Lair:5   | Entered Level 5 of the Lair of Beasts
 19998 | Lair:5   | Reached skill level 5 in Transmutations
 20256 | Lair:5   | Reached skill level 1 in Polearms
 20658 | Lair:5   | Reached skill level 5 in Polearms
 20658 | Lair:5   | HP: 5/113 [spriggan/arrow (1)]
 21452 | Lair:5   | Found a corrupted altar of Lugonu.
 21452 | Lair:5   | Found a one-way gate to the infinite horrors of the Abyss.
 22098 | D:12     | Acquired a phantom mirror
 22265 | D:12     | Found a sacrificial altar of Ru.
 22829 | D:13     | Found a gate leading to a gauntlet.
 22833 | Gauntlet | Entered a Gauntlet
 22833 | Gauntlet | Found a transporter.
 22833 | Gauntlet | Found a transporter.
 22833 | Gauntlet | Found a transporter.
 22843 | Gauntlet | Found a transporter.
 22846 | Gauntlet | Found a transporter.
 22853 | Gauntlet | Found the +8 arc blade {discharge, rElec}
 22854 | Gauntlet | Found a transporter.
 22858 | Gauntlet | Found a transporter.
 22868 | Gauntlet | Found a transporter.
 22883 | Gauntlet | Found a transporter.
 22895 | Gauntlet | Noticed a green death
 22900 | Gauntlet | Found a transporter.
 22917 | Gauntlet | Found a transporter.
 22935 | Gauntlet | Found a transporter.
 22994 | Gauntlet | Offered knowledge of Iskenderun's Battlesphere by Vehumet.
 22996 | Gauntlet | Gained mutation: Your large and strong wings let you fly.
                  | [Black Draconian growth]
 22996 | Gauntlet | Reached XP level 14. HP: 39/121 MP: 6/26
 23678 | Gauntlet | Identified the +1 cloak "Hiyn" {rPois Will++ rCorr Dex-5}
 24588 | D:13     | Reached XP level 15. HP: 126/126 MP: 27/27
 24744 | D:14     | Reached skill level 5 in Short Blades
 25038 | D:14     | Found Muphaomn's Distillery.
 25047 | D:14     | Found Miriwono's General Store.
 25049 | D:14     | Found Toistraos's Distillery.
 25205 | D:14     | Found a gate to the Vaults.
 25350 | D:14     | Found Xawkeuvi's Antique Armour Shop.
 25702 | D:15     | Entered Level 15 of the Dungeon
 26258 | D:15     | Acquired the +1 kite shield of Orthodoxy {rC+++ Str-5
                  | Int+6}
 26836 | D:15     | Reached skill level 1 in Shields
 27543 | D:15     | Offered knowledge of Arcjolt by Vehumet.
 27747 | D:15     | Found a broken altar of Ashenzari.
 28013 | D:15     | Found a staircase to the Depths.
 28471 | Swamp:1  | Entered Level 1 of the Swamp
 28484 | Swamp:1  | Reached skill level 10 in Conjurations
 29228 | Swamp:2  | Reached XP level 16. HP: 99/134 MP: 28/28
 29331 | Swamp:2  | Reached XP level 17. HP: 143/143 MP: 29/29
 29653 | Swamp:1  | HP: 2/143 [bunyip (20)]
 29656 | Swamp:1  | Reached skill level 5 in Shields
 29805 | Swamp:2  | Noticed Frances
 30337 | Swamp:2  | Killed Frances
 30706 | Swamp:3  | Learned a level 5 spell: Arcjolt
 31105 | Swamp:3  | Noticed Jorgrun
 31126 | Swamp:3  | Killed Jorgrun
 31644 | Snake:1  | Entered Level 1 of the Snake Pit
 31658 | Snake:1  | Found a flickering gateway to a bazaar.
 31667 | Bazaar   | Entered a bazaar
 31668 | Bazaar   | Found Yrengey's Armour Shop.
 31670 | Bazaar   | Found Zeza's Weapon Shop.
 31684 | Bazaar   | Found Qobofogo's Distillery.
 31691 | Bazaar   | Found Niteo's Magic Scroll Boutique.
 31699 | Bazaar   | Bought a scroll of fog for 44 gold pieces
 31699 | Bazaar   | Bought a scroll of fear for 44 gold pieces
 31699 | Bazaar   | Bought a scroll of teleportation for 33 gold pieces
 31700 | Bazaar   | Found Uzal's Assorted Antiques.
 31739 | Bazaar   | Bought a potion of mutation for 112 gold pieces
 31739 | Bazaar   | Bought a potion of curing for 42 gold pieces
 31739 | Bazaar   | Bought a potion of magic for 112 gold pieces
 33168 | Snake:1  | Reached skill level 10 in Short Blades
 33225 | Snake:1  | Offered knowledge of Freezing Cloud by Vehumet.
 33683 | Snake:2  | Found Intywil's General Store.
 33690 | Snake:2  | Learned a level 5 spell: Freezing Cloud
 33735 | Snake:2  | Bought a scroll of blinking for 112 gold pieces
 34347 | Snake:2  | Reached skill level 13 in Ice Magic
 35168 | Snake:3  | Noticed Lyhiamabb's ghost (adept OgBe)
 35176 | Snake:3  | Found a runed translucent door.
 35249 | Snake:3  | Killed Lyhiamabb's ghost
 35788 | Snake:3  | Reached skill level 10 in Spellcasting
 36786 | Orc:1    | Entered Level 1 of the Orcish Mines
 36796 | D:11     | Reached skill level 14 in Ice Magic
 36796 | D:11     | Reached XP level 18. HP: 97/149 MP: 13/32
 36878 | Orc:1    | Noticed Nergalle
 36879 | Orc:1    | Offered knowledge of Ozocubu's Refrigeration by Vehumet.
 37055 | Orc:1    | Killed Nergalle
 37315 | Orc:1    | Found Ephegexkud's Antique Armour Shop.
 37531 | Orc:2    | Entered Level 2 of the Orcish Mines
 37790 | Orc:2    | Found a staircase to the Elven Halls.
 38915 | Orc:2    | Found Xidd's Antique Armour Emporium.
 38915 | Orc:2    | Found Ipink's Distillery.
 38927 | Orc:2    | Found Ziroguil's General Store.
 38929 | Orc:2    | Found Hasuv's Antique Armour Emporium.
 39306 | Snake:4  | Entered Level 4 of the Snake Pit
 39736 | Snake:4  | Found a runed translucent gate.
 39753 | Snake:4  | Found a runed translucent gate.
 39754 | Snake:4  | Found a runed translucent gate.
 39754 | Snake:4  | Noticed lotum's ghost (adept TrGl)
 39876 | Snake:4  | Identified the +1 leather armour "Turcheps" {rElec rF+
                  | rCorr}
 39934 | Snake:4  | Offered knowledge of Lightning Bolt by Vehumet.
 40346 | Snake:4  | Reached skill level 15 in Ice Magic
 41279 | Snake:4  | Reached skill level 16 in Ice Magic
 41389 | Snake:4  | Reached skill level 10 in Dodging
 41479 | Snake:4  | Reached ****** piety under Vehumet
 41580 | Snake:4  | Offered knowledge of Conjure Ball Lightning by Vehumet.
 41763 | Snake:4  | Got a serpentine rune of Zot
 42098 | Swamp:4  | Entered Level 4 of the Swamp
 42098 | Swamp:4  | Found the +8 whip "Snakebite" {venom, curare, rPois}
 42636 | Swamp:4  | Reached XP level 19. HP: 146/156 MP: 22/34
 42678 | Swamp:4  | Reached skill level 17 in Ice Magic
 42997 | Swamp:4  | Got a decaying rune of Zot
 42997 | Swamp:4  | Noticed Mara
 43005 | Swamp:4  | Killed Mara
 43374 | Swamp:4  | Offered knowledge of Fire Storm by Vehumet.
 43374 | Swamp:4  | Offered knowledge of Polar Vortex by Vehumet.
 43374 | Swamp:4  | Offered knowledge of Maxwell's Capacitive Coupling by
                  | Vehumet.
 43605 | Swamp:4  | Identified the +1 rapier of Blood-Lust {flame, rCorr Int-5
                  | Dex+3}
 43645 | Swamp:4  | Reached skill level 15 in Conjurations
 44358 | Elf:1    | Entered Level 1 of the Elven Halls
 45664 | Elf:1    | Reached skill level 18 in Ice Magic
 45989 | Elf:1    | Paralysed by an air elemental for 1 turns
 46794 | Elf:2    | Found a runed translucent gate.
 46794 | Elf:2    | Found a runed translucent gate.
 46797 | Elf:2    | Found a runed translucent gate.
 46868 | Elf:2    | Noticed Azrael
 46875 | Elf:2    | Killed Azrael
 47326 | Elf:2    | Reached skill level 19 in Ice Magic
 48445 | Vaults:1 | Entered Level 1 of the Vaults
 48752 | Vaults:1 | Found a glowing golden altar of the Shining One.
 48752 | Vaults:1 | Found a glowing silver altar of Zin.
 48753 | Vaults:1 | Found a crumbling gateway.
 48754 | Vaults:1 | Found a white marble altar of Elyvilon.
 48761 | Vaults:1 | Identified the +1 plate armour "Ynutoura" {Slay+3}
 49280 | Vaults:1 | Reached skill level 20 in Ice Magic
 49447 | Vaults:1 | Reached XP level 20. HP: 132/163 MP: 14/35
 50170 | Vaults:1 | Found Ginoseq's Jewellery Boutique.
 51057 | Vaults:2 | Reached skill level 21 in Ice Magic
 51770 | Vaults:2 | Gained mutation: You are frail. (-10% HP) [mutagenic glow]
 53206 | Vaults:3 | Acquired the brooch of Shielding {Spirit SH+8}
 53206 | Vaults:3 | Found the brooch of Shielding {Spirit SH+8}
 53317 | Vaults:3 | Reached skill level 22 in Ice Magic
 53646 | Vaults:3 | Noticed Nikola
 53658 | Vaults:3 | Noticed Zenata
 53660 | Vaults:3 | Killed Nikola
 54554 | Vaults:3 | Learned a level 9 spell: Polar Vortex
 55303 | Vaults:3 | Reached skill level 23 in Ice Magic
 55436 | Vaults:3 | Found a staircase to the Crypt.
 55571 | Vaults:3 | Reached XP level 21. HP: 153/153 MP: 32/36
 55958 | Vaults:3 | Killed Zenata
 55964 | Vaults:3 | Gained mutation: You are dopey. (Int -2) [mutagenic glow]
 57953 | Vaults:4 | Identified the +1 robe of Uxororui {rF+ Str+4 Dex-4}
 59488 | Depths:1 | Entered Level 1 of the Depths
 59497 | Depths:1 | Noticed the Enchantress
 59561 | Depths:1 | Gained mutation: You are very frail. (-20% HP) [mutagenic
                  | glow]
 59711 | Depths:1 | Reached skill level 15 in Fighting
 59714 | Depths:1 | Killed the Enchantress
 59722 | Depths:1 | Gained mutation: You are clumsy. (Dex -2) [mutagenic glow]
 59764 | Depths:1 | Killed themself with a bounced orb of electricity

Illustrated notes

Levels and vault maps discovered:
D:1:      scummos_arrival_simple_crosswalls, layout_rooms
D:2:      layout_rooms, shapermc_ecumenical_altar_mp_vishouse,
          grunt_ministairs_1, minmay_joined_circles, uniq_terence
D:3:      layout_loops_ring
D:4:      layout_rooms
D:5:      layout_cave_pools, xom_redecorated, gammafunk_ghost_hive, uniq_grinder
D:6:      layout_loops_cross, gup_sewer_entry_bowl, minmay_ogre_servants
D:7:      layout_gridville, temple_hall, serial_shops,
          nicolae_inconvenience_store, uniq_menkaure
D:8:      layout_loops_corners, uniq_maurice
D:9:      layout_layer_cave, nicolae_uskayaw_en_pointe, serial_shops, shop,
          hangedman_abyss_or_decor_passed, uniq_joseph, uniq_prince_ribbit1
D:10:     layout_cave_pools, mainiacjoe_overflow_chevrons,
          grunt_temple_overflow_octagram, david_lair_shrubbed, serial_undead,
          serial_undead_e, serial_undead_f, serial_undead_e, serial_undead_b,
          kb_lookout_dungeons_type
D:11:     layout_irregular_city, erik_orc_1, nicolae_gozag_zags_fifth_avenue
D:12:     minmay_inner_zag, layout_rooms, ebering_ghost_gozag, minivault_23,
          nicolae_ru_awakened_eye
D:13:     layout_basic, gauntlet_entry_generic
D:14:     layout_loops_cross, lightli_vaults_fourway_checkpoint,
          hangedman_decor_riveting, serial_shops, shop, nicolae_shop_trees,
          nicolae_shop_crystal, shop
D:15:     grunt_enter_depths_magical_seal, layout_basic,
          cheibrodos_ashenzari_chains, portal_ice_cave_entry_ice_simulacra
Temple:   nicolae_temple_hex_pool
Lair:1:   layout_big_grid, infiniplex_staircase_pool_2, serial_bayou_shore_b
Lair:2:   layout_loops_ring, palyth_hydra_swamp_entry
Lair:3:   layout_roguey, minmay_snake_entry_guardpost_small,
          serial_bayou_pond_d, disabler_island, grunt_megastairs_2
Lair:4:   layout_misc_corridors, slime_entry_1, serial_bayou_shore_a
Lair:5:   hellmonk_lair_end_abyssal_woods, layout_layer_cave,
          infiniplex_staircase_pool, lemuel_fruit_tree, lemuel_fruit_fields
Swamp:1:  layout_basic_swamp, nicolae_swamp_tree_isthmus, swamp_pool2
Swamp:2:  layout_basic_swamp, hangedman_swamp_blocks, swamp_pool2, uniq_frances
Swamp:3:  layout_basic_swamp, nicolae_swamp_round_clearing, swamp_pool1,
          uniq_jorgrun
Swamp:4:  nzn_swamp_witches_coven, layout_basic_swamp, swamp_pool3,
          cheibrodos_swamp_pet_leeches, uniq_mara
Snake:1:  layout_misc_corridors, serial_shops, bzr_in_the_mist,
          hangedman_snake_corridor_split
Snake:2:  layout_cave_shapes, serial_shops, nicolae_shop_statue_plus,
          nicolae_snake_gridmaze_swirls, nicolae_snake_single_loop,
          serial_bayou_shore_b
Snake:3:  layout_chambers, hellmonk_ghost_happy_afterlife,
          nicolae_snake_ghostly_warrior_ritual, nicolae_integral_box
Snake:4:  snake_pit_salamanders_mu, layout_cave_town, gammafunk_ghost_split,
          nicolae_snake_biting_tails, st_stairs_5
Orc:1:    layout_caves, enter_volcano_1, serial_shops,
          nicolae_shop_hallway_stairs, uniq_nergalle
Orc:2:    st_orc_mages, layout_diamond_mine
Elf:1:    elf_arrival_001, layout_loops_ring, hangedman_corner_corridor,
          nrook_mini_backslash, amethyst_killhole
Elf:2:    elven_hall_of_blades_hangedman_original
          [nicolae_blade_entry_area_security], layout_rooms, drop_trap,
          uniq_azrael
Vaults:1: portal_desolation_entry_holy_temple, vaults_room_stairs_pillars,
          v_misc_5, hangedman_vaults_hat, nicolae_vaults_puzzle_piece,
          vaults_mumra_minichess_inversion, vaults_dpeg_spiral,
          vaults_room_pool, nicolae_vaults_back_hallway, ontoclasm_vaults_eye,
          v_pattern_3, vaults_room_pools, layout_vaults_maze_bifur,
          serial_shops, nicolae_square_shop
Vaults:2: nicolae_vaults_little_ls, vaults_room_pool, v_misc_28,
          nicolae_vaults_little_squares_4, serial_ice_m, v_misc_1, v_misc_17,
          v_alt_pattern_5, ontoclasm_vaults_decontamination,
          vaults_room_stairs_pillars, layout_vaults_omnigrid, serial_shops
Vaults:3: nicolae_vaults_mini_display_case, hangedman_vaults_snaps,
          nicolae_vaults_network_star, nicolae_vaults_big_ls,
          hangedman_vaults_slither, minmay_crypt_entry_skeletal_spiral,
          vaults_room_door_hall, vaults_dpeg_diagonal, vaults_room_pool,
          nicolae_vaults_diagonal_hallway_6, ontoclasm_vaults_ring_small,
          layout_vaults_omnibox, uniq_nikola, uniq_zenata
Vaults:4: ontoclasm_vaults_ligature, hangedman_vaults_maws,
          nicolae_vaults_quartermaster, ontoclasm_vaults_chip,
          grunt_vaults_hallway_long, nicolae_vaults_network_s,
          ontoclasm_vaults_claustrophobia, v_misc_27, v_misc_22,
          nicolae_vaults_circle_grid_a, v_pattern_5, vaults_mumra_lcd,
          layout_vaults_big_cross
Depths:1: layout_gridlike, hellmouth_3, nicolae_titane, hangedman_glass_teeth,
          st_stairs_11, uniq_enchantress

Skill      XL: |  1  2  3  4  5  6  7  8  9 10 11 12 13 14 15 16 17 18 19 20 21 |
---------------+----------------------------------------------------------------+-----
Spellcasting   | 3 4 6 8 10 11 13 | 13.0
Ice Magic      | 5 9 10 12 14 16 20 23 | 23.0
Dodging        | 2 3 4 6 8 9 10 | 10.0
Fighting       | 1 3 5 7 9 10 11 15 | 15.0
Summonings     | 4 |  4.0
Throwing       | 3 5 |  5.0
Air Magic      | 7 |  7.6
Evocations     | 5 6 |  6.0
Conjurations   | 4 7 10 13 14 15 | 15.1
Transmutations | 2 5 6 7 |  7.4
Polearms       | 5 |  5.5
Short Blades   | 4 8 10 | 10.2
Shields        | 4 5 7 |  7.0
Stealth        | |  1.7

Action                   |  1- 3 |  4- 6 |  7- 9 | 10-12 | 13-15 | 16-18 | 19-21 || total
-------------------------+-------+-------+-------+-------+-------+-------+-------++-------
Melee: Unarmed           |    14 |       |       |       |       |       |       ||    14
       Tailslap          |     3 |    15 |    80 |    47 |   106 |    77 |   159 ||   487
       Punch             |     1 |       |     7 |     5 |     5 |       |       ||    18
       Dagger            |       |   100 |   377 |       |       |       |       ||   477
       Trident           |       |       |    49 |   353 |   311 |     3 |    14 ||   730
       Rapier            |       |       |       |       |   236 |   674 |   678 ||  1588
 Fire: Sling             |    25 |    78 |       |       |       |       |       ||   103
       Shortbow          |       |       |     3 |       |       |       |       ||     3
Throw: Dart              |       |     2 |     5 |     6 |     5 |     1 |     1 ||    20
 Cast: Freeze            |    37 |    19 |    36 |   109 |   136 |    68 |     4 ||   409
       Frozen Ramparts   |     2 |    17 |    37 |    61 |    52 |    58 |    40 ||   267
       Ozocubu's Armour  |     1 |    14 |    24 |    49 |    74 |    89 |   112 ||   363
       Hailstorm         |       |       |    20 |    42 |    54 |   108 |    77 ||   301
       Summon Ice Beast  |       |       |       |    12 |    18 |       |     9 ||    39
       Iskenderun's Myst |       |       |       |     5 |     2 |     1 |    11 ||    19
       Irradiate         |       |       |       |     1 |    32 |    48 |   168 ||   249
       Freezing Cloud    |       |       |       |       |       |    91 |   205 ||   296
       Arcjolt           |       |       |       |       |       |    31 |    75 ||   106
       Polar Vortex      |       |       |       |       |       |       |     1 ||     1
 Abil: Breathe Lightning |       |       |     1 |       |       |     4 |     2 ||     7
Evoke: Wand              |       |       |       |       |       |       |     1 ||     1
  Use: Scroll            |       |     4 |     3 |     9 |    11 |     1 |     4 ||    32
       Potion            |       |       |       |     1 |     6 |     2 |     3 ||    12
 Stab: Sleeping          |       |     6 |     1 |     5 |     3 |       |     2 ||    17
       Distracted        |       |       |       |     1 |     2 |       |       ||     3
Armor: Skin              |    15 |    73 |   182 |   273 |   363 |   336 |   372 ||  1614
Dodge: Dodged            |    29 |   121 |   296 |   513 |   515 |   336 |   261 ||  2071
Block: Kite shield       |       |       |       |       |    79 |   319 |   525 ||   923

Table legend: (Time is in decaauts)
 A = Elapsed time spent in this place.
 B = Non-inter-level travel time spent in this place.
 C = Inter-level travel time spent in this place.
 D = Time resting spent in this place.
 E = Time spent auto-exploring this place.
 F = Levels seen in this place.
 G = Mean time per level.
                   A        B        C        D        E       F      G
               +--------+--------+--------+--------+--------+-----+--------+
         Total |  59912 |  56783 |   3129 |  16284 |  30157 |  41 | 1461.3 |
       Dungeon |  21166 |  19868 |   1298 |   4221 |  11989 |  15 | 1411.1 |
        Temple |     20 |     20 |      0 |      0 |      2 |   1 |   20.0 |
          Lair |   7351 |   6791 |    560 |   1399 |   3970 |   5 | 1470.2 |
         Swamp |   5183 |   4986 |    197 |   1879 |   2276 |   4 | 1295.8 |
     Snake Pit |   7656 |   7211 |    445 |   1868 |   4070 |   4 | 1914.0 |
  Orcish Mines |   2011 |   1859 |    152 |    458 |    977 |   2 | 1005.5 |
   Elven Halls |   3941 |   3758 |    183 |   1743 |   1399 |   2 | 1970.5 |
        Vaults |  10929 |  10639 |    290 |   3813 |   5215 |   4 | 2732.2 |
        Depths |    265 |    265 |      0 |    104 |     22 |   1 |  265.0 |
        Bazaar |     78 |     78 |      0 |      0 |     33 |   1 |   78.0 |
         Sewer |    129 |    129 |      0 |      0 |     87 |   1 |  129.0 |
      Gauntlet |   1178 |   1178 |      0 |    797 |    117 |   1 | 1178.0 |
               +--------+--------+--------+--------+--------+-----+--------+

Top non-repeatable levels by time:
Vaults:3: 3340 daAuts
Vaults:2: 2959 daAuts
Vaults:4: 2804 daAuts
  Lair:5: 2676 daAuts
 Snake:4: 2544 daAuts
   Elf:1: 2165 daAuts
 Swamp:4: 2048 daAuts
     D:7: 2001 daAuts
    D:11: 1983 daAuts
    D:15: 1979 daAuts
 Snake:1: 1945 daAuts
     D:9: 1838 daAuts
  Lair:2: 1829 daAuts
Vaults:1: 1824 daAuts
 Snake:3: 1818 daAuts
